 Dungeon Crawl Stone Soup version 0.17.1-1-g73c8601 (webtiles) character file.

3158 Flanowski the Blocker (level 9, -4/81 HPs)
             Began as a Minotaur Fighter on Dec 29, 2015.
             Was a Priest of Makhleb.
             Slain by a warg (6 damage)
             ... on level 9 of the Dungeon.
             The game lasted 00:24:12 (8333 turns).

Flanowski the Blocker (Minotaur Fighter)            Turns: 8333, Time: 00:24:13

Health: -4/81      AC: 16    Str: 30    XL:     9   Next: 62%
Magic:  8/8        EV:  7    Int:  9    God:    Makhleb [***...]
Gold:   429        SH: 12    Dex:  9    Spells: 0 memorised, 8 levels left

rFire  . . .     SeeInvis .     K - +3 scimitar
rCold  . . .     Clarity  .     n - +1 plate armour
rNeg   + . .     SustAt   .     c - +0 shield
rPois  .         Gourm    .     (helmet restricted)
rElec  .         Spirit   .     (no cloak)
rCorr  .         Warding  +     s - +0 pair of gloves
rMut   .         Stasis   .     (no boots)
MR     .....                    S - amulet of warding
Stlth  ..........               (no ring)
                                N - +4 ring of intelligence

@: mighty, not resistant to hostile enchantments, extremely unstealthy
A: retaliatory headbutt, horns 2
a: Minor Destruction, Lesser Servant of Makhleb, Renounce Religion


You were on level 9 of the Dungeon.
You worshipped Makhleb.
Makhleb was most pleased with you.
You were near starving.

You visited 2 branches of the dungeon, and saw 10 of its levels.

You collected 429 gold pieces.

Inventory:

Hand Weapons
 a - a +0 long sword
 C - the +3 short sword of the Warrior-Mage {flame, Int+3 Dex+2}
   (You found it on level 5 of the Dungeon)

   It has been specially enchanted to burn those struck by it, causing extra
   injury to most foes and up to half again as much damage against particularly
   susceptible opponents.
   It affects your intelligence (+3).
   It affects your dexterity (+2).
 K - a +3 scimitar (weapon)
 P - a cursed +3 great sword
Armour
 c - a +0 shield (worn)
 n - a +1 plate armour (worn)
 s - a +0 pair of gloves (worn)
 O - a +2 scale mail of poison resistance
Jewellery
 N - a +4 ring of intelligence (left hand)
 S - an amulet of warding (around neck)
 T - an uncursed amulet of rage
Wands
 w - a wand of invisibility (9)
 B - a wand of magic darts (32)
 D - a wand of magic darts (19)
 G - a wand of frost (29)
 J - a wand of slowing (14)
 R - a wand of paralysis (13)
Scrolls
 g - 3 scrolls of remove curse
 j - 2 scrolls of teleportation
 k - 4 scrolls of recharging
 u - a scroll of identify
 x - a scroll of immolation
 y - 2 scrolls of blinking
 A - a scroll of enchant weapon {unknown}
 F - a scroll of random uselessness
 I - a scroll of amnesia {unknown}
Potions
 b - a potion of cure mutation {unknown}
 d - a potion of might
 f - a potion of ambrosia {unknown}
 h - a potion of beneficial mutation {unknown}
 i - 2 potions of haste {unknown}
 l - 2 potions of heal wounds {unknown}
 m - a potion of magic {unknown}
 p - a potion of agility {unknown}
 q - a potion of brilliance {unknown}
 t - 2 potions of degeneration {unknown}
 v - 3 potions of poison {unknown}
 z - a potion of flight {unknown}
 M - 3 potions of resistance {unknown}
Books
 E - a Fen Folio

   Spells                             Type                      Level
   a - Corpse Rot                     Necromancy                   2
   b - Stone Arrow                    Conjuration/Earth            3
   c - Leda's Liquefaction            Hexes/Earth                  4
   d - Summon Forest                  Summoning/Translocation      5
   e - Hydra Form                     Transmutation                6
   f - Summon Hydra                   Summoning                    7
 H - a Fen Folio

   Spells                             Type                      Level
   a - Corpse Rot                     Necromancy                   2
   b - Stone Arrow                    Conjuration/Earth            3
   c - Leda's Liquefaction            Hexes/Earth                  4
   d - Summon Forest                  Summoning/Translocation      5
   e - Hydra Form                     Transmutation                6
   f - Summon Hydra                   Summoning                    7
Comestibles
 e - 4 bread rations
 o - 6 meat rations
 r - a beef jerky
 L - a slice of pizza
 Q - 3 fruits


   Skills:
 * Level 8.3 Fighting
 * Level 7.9 Long Blades
 * Level 9.0 Armour
 - Level 1.3 Dodging
 - Level 0.1 Stealth
 * Level 9.7 Shields


You had 8 spell levels left.
You didn't know any spells.

Dungeon Overview and Level Annotations

Branches:
Dungeon (9/15)             Temple (1/1) D:4
   Lair: D:8-11         Orc: D:9-12

Altars:
Ashenzari
Cheibriados
Dithmenos
Elyvilon
Fedhas
Gozag
Kikubaaqudgha
Makhleb
Nemelex Xobeh
Okawaru
Qazlal
Ru
Sif Muna
Trog
Vehumet
Xom
Yredelemnul
Zin
The Shining One

Shops:
D:3 *   D:4 %


Innate Abilities, Weirdness & Mutations

You reflexively headbutt those who attack you in melee.
You have a pair of horns on your head.


Message History

* * * LOW HITPOINT WARNING * * *
You slash the warg!
The warg is moderately wounded.
You block the warg's attack.
You hit the warg but do no damage. Your headbutt misses the warg.
The warg is moderately wounded.
The warg bites you.
* * * LOW HITPOINT WARNING * * *
The warg bites you.
* * * LOW HITPOINT WARNING * * *
Drink which item? (? for menu, Esc to quit)
You feel very mighty all of a sudden.
The orc priest mumbles some strange prayers to Beogh against you.
Something smites you!
* * * LOW HITPOINT WARNING * * *
The warg bites you.
* * * LOW HITPOINT WARNING * * *
You block the warg's attack. The warg bites you.
You die...

......## #..........## .......#
#.........## .......# #.........#
.......# ######....######
.......## #....#..... ........##
##.......... ......#..##
######.h.........
.....###..#######.o.Oo###........
.....# ##..##...@h######.........
....## ##......### #..........
...## ##.......# #.......... ..##
#........# ###........ ##
##........# ######... #.###>.####
### ### ####


You could see a two-headed ogre, 2 wargs, an orc warrior and an orc priest.

Vanquished Creatures
  A hill giant (D:8)
  A hippogriff (D:7)
  2 orc warriors
  2 ogres
  An ice beast (D:7)
  A phantom (D:6)
  2 centaurs
  4 giant frogs
  A big kobold (D:8)
  2 scorpions (D:6)
  3 wights (D:8)
  4 crimson imps
  2 giant frog zombies
  7 hounds
  4 orc priests
  Ijyb (D:2)
  A centaur skeleton (D:8)
  A jelly (D:6)
  An iguana (D:6)
  9 orc wizards
  6 worker ants
  Robin (D:2)
  10 adders
  4 shadow imps
  2 oozes
  An adder zombie (D:5)
  3 worms
  35 orcs
  A ball python (D:2)
  13 giant cockroaches
  13 hobgoblins
  16 jackals
  14 kobolds
  2 quokkas
  10 bats
  6 giant geckos
  3 giant newts
  14 goblins
  A quokka skeleton (D:4)
  6 rats
211 creatures vanquished.

Notes
Turn   | Place    | Note
--------------------------------------------------------------
     0 | D:1      | Flanowski the Minotaur Fighter began the quest for the Orb.
     0 | D:1      | Reached XP level 1. HP: 19/19 MP: 0/0
    54 | D:1      | Reached skill level 4 in Armour
    76 | D:1      | Reached XP level 2. HP: 20/27 MP: 1/1
   394 | D:1      | Reached XP level 3. HP: 17/33 MP: 2/2
   923 | D:2      | Noticed Ijyb
  1241 | D:2      | Killed Ijyb
  1241 | D:2      | Reached skill level 1 in Dodging
  1241 | D:2      | Reached XP level 4. HP: 29/40 MP: 3/3
  1859 | D:2      | Noticed Robin
  1881 | D:2      | Killed Robin
  2164 | D:3      | Found a deep blue altar of Sif Muna.
  2204 | D:3      | Reached XP level 5. HP: 47/47 MP: 4/4
  2510 | D:3      | Reached skill level 5 in Shields
  2680 | D:3      | Found Zin's Purification Station.
  2680 | D:3      | Found a glowing silver altar of Zin.
  2847 | D:3      | Found a glowing golden altar of the Shining One.
  2863 | D:3      | Reached skill level 5 in Fighting
  3070 | D:4      | Reached XP level 6. HP: 56/56 MP: 5/5
  3148 | D:4      | Found Osmenar's Food Shoppe.
  3227 | D:4      | Reached skill level 5 in Armour
  3272 | D:4      | Found a staircase to the Ecumenical Temple.
  3282 | Temple   | Entered the Ecumenical Temple
  3449 | Temple   | Became a worshipper of Makhleb the Destroyer
  4318 | D:5      | Entered Level 5 of the Dungeon
  4348 | D:5      | Reached XP level 7. HP: 56/61 MP: 6/6
  4365 | D:5      | Got an ichor-stained short sword
  4499 | D:5      | Reached skill level 6 in Shields
  4797 | D:5      | Reached * piety under Makhleb
  4797 | D:5      | Reached skill level 5 in Long Blades
  4900 | D:5      | Found a stormy altar of Qazlal.
  5652 | D:6      | Reached XP level 8. HP: 61/71 MP: 7/7
  5676 | D:6      | Found an ancient bone altar of Kikubaaqudgha.
  5714 | D:6      | Reached skill level 7 in Shields
  6071 | D:7      | Identified the +3 short sword of the Warrior-Mage {flame, Int+3 Dex+2} (You found it on level 5 of the Dungeon)
  6082 | D:7      | Found a bloodstained altar of Trog.
  6082 | D:7      | Found a shimmering altar of Xom.
  6082 | D:7      | Found a shadowy altar of Dithmenos.
  6139 | D:7      | Reached ** piety under Makhleb
  6390 | D:7      | Reached skill level 8 in Shields
  6870 | D:8      | Noticed a hill giant
  6885 | D:8      | Killed a hill giant
  6885 | D:8      | Reached XP level 9. HP: 49/79 MP: 8/8
  6989 | D:8      | Reached skill level 9 in Shields
  7443 | D:8      | Reached *** piety under Makhleb
  8329 | D:9      | HP: 2/81 [orc priest/divine providence (12)]
  8333 | D:9      | Slain by a warg

Action                   |  1- 3 |  4- 6 |  7- 9 || total
-------------------------+-------+-------+-------++-------
Melee: Long sword        |   110 |   204 |   288 ||   602
       Scimitar          |       |       |   110 ||   110
  Use: Scroll            |     2 |       |    15 ||    17
       Potion            |       |       |     2 ||     2
  Eat: Chunk             |     1 |    10 |    12 ||    23
